 Dungeon Crawl Stone Soup version 0.19-a0-442-g8935a21 (webtiles) character file.

214 flachkopf the Slasher (level 6, 0/41 HPs)
             Began as a Halfling Fighter on June 1, 2016.
             Was an Initiate of Hepliaklqana.
             Slain by an ufetubus (1 damage)
             ... summoned by Eustachio
             ... on level 4 of the Dungeon.
             The game lasted 00:08:15 (2778 turns).

flachkopf the Slasher (Halfling Fighter)            Turns: 2778, Time: 00:08:16

Health: 0/41       AC:  9    Str: 23    XL:     6   Next: 14%
Magic:  6/6        EV:  9    Int:  7    God:    Hepliaklqana [......]
Gold:   234        SH: 10    Dex: 14    Spells: 0 memorised, 5 levels left

rFire  . . .     SeeInvis .     a - +0 long sword
rCold  . . .     Gourm    .     b - +0 scale mail
rNeg   . . .     Faith    .     c - +0 shield
rPois  .         Spirit   .     x - +0 helmet
rElec  .         Dismiss  .     (no cloak)
rCorr  .         Reflect  .     (no gloves)
SustAt .         Harm     .     r - +0 pair of boots
MR     .....                    (no amulet)
Stlth  ..........               (no ring)
                                (no ring)

@: mighty, not resistant to hostile enchantments, extremely unstealthy
A: mutation resistance 1
a: Recall Ancestor, Ancestor Identity, Renounce Religion


You were on level 4 of the Dungeon.
You worshipped Hepliaklqana.
Hepliaklqana was noncommittal.
You were very hungry.

You visited 1 branch of the dungeon, and saw 4 of its levels.

You collected 234 gold pieces.

Inventory:

Hand Weapons
 a - a +0 long sword (weapon)
 m - a +1 vampiric dagger
 u - a +0 hunting sling
Missiles
 g - 19 sling bullets
Armour
 b - a +0 scale mail (worn)
 c - a +0 shield (worn)
 r - a +0 pair of boots (worn)
 x - a +0 helmet (worn)
Jewellery
 s - an uncursed amulet of rage {unknown}
Wands
 p - a wand of paralysis (9/24)
Scrolls
 e - 2 scrolls of remove curse
 i - 6 scrolls of identify
 o - a scroll of fear
 v - a scroll of fog
 w - a scroll of teleportation {unknown}
Potions
 j - a potion of lignification {unknown}
 l - a potion of agility {unknown}
 q - a potion of curing
 t - a potion of mutation {unknown}
 z - a potion of haste {unknown}
 A - a potion of resistance {unknown}
Comestibles
 f - a bread ration
 h - 3 meat rations
 k - a royal jelly
 n - 3 fruits


   Skills:
 - Level 2.6 Fighting
 + Level 5.9 Long Blades
 - Level 3.2 Armour
 - Level 3.2 Shields


You had 5 spell levels left.
You didn't know any spells.

Dungeon Overview and Level Annotations

Branches:
Dungeon (4/15)
 Temple: D:4-7

Altars:
Ashenzari
Dithmenos
Hepliaklqana
Makhleb
Okawaru
Pakellas
Qazlal
Ru
Sif Muna
Vehumet

Annotations:
D:4 Eustachio


Innate Abilities, Weirdness & Mutations

You are small and have problems with some larger weapons.
You are somewhat resistant to further mutation.


Message History

You closely miss Eustachio.
Eustachio is almost dead.
The ufetubus hits you.
* * * LOW HITPOINT WARNING * * *
You block the ufetubus's attack. Eustachio hits you with a falchion.
* * * LOW HITPOINT WARNING * * *
The ufetubus barely misses you. The ufetubus hits you.
* * * LOW HITPOINT WARNING * * *
Unknown command.
You barely miss Eustachio.
Eustachio is almost dead.
The iron imp disappears in a puff of smoke!
You block the ufetubus's attack.
The ufetubus hits you but does no damage.
Eustachio hits you with a falchion.
* * * LOW HITPOINT WARNING * * *
The ufetubus hits you.
* * * LOW HITPOINT WARNING * * *
The ufetubus hits you.
You die...

####### #####
......########5@5#####
...............#@....#
#####.###..#5..#...#.###
#
#.###..#5#####.....#####
#
#..........#............
#
#.###..###.#.###.#.####
# ### #### #### #.# #
###### #5#.# ##...#
@l#.##### #. ##...#
####..... ..


You could see Eustachio and 2 ufetubi.

Vanquished Creatures
  A giant frog (D:3)
  An iguana (D:4)
  5 adders
  An adder skeleton (D:4)
  4 dart slugs
  A giant gecko (D:3)
  4 orcs (D:3)
  4 giant cockroaches
  2 hobgoblins
  6 jackals
  9 kobolds
  2 quokkas
  8 bats
  A giant newt (D:1)
  4 goblins
  11 rats
64 creatures vanquished.

Vanquished Creatures (collateral kills)
  An adder (D:3)
  A rat (D:3)
2 creatures vanquished.

Vanquished Creatures (others)
  An ancestor (D:4)
1 creature vanquished.

Grand Total: 67 creatures vanquished

Notes
Turn   | Place    | Note
--------------------------------------------------------------
     0 | D:1      | flachkopf the Halfling Fighter began the quest for the Orb.
     0 | D:1      | Reached XP level 1. HP: 15/15 MP: 1/1
   297 | D:1      | Reached XP level 2. HP: 20/20 MP: 2/2
   655 | D:1      | Reached skill level 3 in Long Blades
   826 | D:2      | Reached XP level 3. HP: 20/25 MP: 3/3
  1535 | D:2      | Reached skill level 4 in Long Blades
  1535 | D:2      | Reached XP level 4. HP: 30/30 MP: 4/4
  2004 | D:3      | Reached XP level 5. HP: 34/35 MP: 5/5
  2168 | D:3      | Noticed a giant frog
  2175 | D:3      | Killed a giant frog
  2175 | D:3      | Reached skill level 5 in Long Blades
  2285 | D:3      | Found a stormy altar of Qazlal.
  2285 | D:3      | Found a burning altar of Makhleb.
  2293 | D:3      | Found a sacrificial altar of Ru.
  2294 | D:3      | Found a shattered altar of Ashenzari.
  2294 | D:3      | Found an oddly glowing altar of Pakellas.
  2294 | D:3      | Found a deep blue altar of Sif Muna.
  2294 | D:3      | Found a hazy altar of Hepliaklqana.
  2294 | D:3      | Found a radiant altar of Vehumet.
  2296 | D:3      | Found a shadowy altar of Dithmenos.
  2298 | D:3      | Found an iron altar of Okawaru.
  2307 | D:3      | Became a worshipper of Hepliaklqana
  2713 | D:4      | Reached XP level 6. HP: 41/41 MP: 6/6
  2715 | D:4      | Noticed Eustachio
  2778 | D:4      | HP: 1/41 [ufetubus[Eustachio] (2)]
  2778 | D:4      | Slain by an ufetubus

Vault maps used:
D:1:      dpeg_arrival_houses_and_road
D:3:      minitemple
D:4:      kennysheep_ying_yang, first_bread, kennysheep_pointless_box,
          uniq_eustachio

Skill      XL: |  1  2  3  4  5 |
---------------+----------------+-----
Long Blades    | 3 4 5 |  5.9
Fighting       | |  2.6
Armour         | |  3.2
Shields        | |  3.2

Action                   |  1- 3 |  4- 6 || total
-------------------------+-------+-------++-------
Melee: Long sword        |   139 |   126 ||   265
 Fire: Hunting sling     |       |     5 ||     5
  Use: Scroll            |       |     5 ||     5
       Potion            |       |     2 ||     2
  Eat: Chunk             |     2 |     3 ||     5
Armor: Scale mail        |    55 |    63 ||   118
Dodge: Dodged            |    62 |    55 ||   117
Block: Shield            |    72 |    95 ||   167
